[Event "Titled Tuesday Blitz March 21 Early 2023"]
[White "Aaditya Dhingra"]
[Black "Mikhailovsky, Vladimir"]
[WhiteFideId "25678191"]
[BlackFideId "34105414"]
[WhiteElo "2083"]
[BlackElo "2293"]
[Result "1-0"]
[Round "10"]
[TimeControl "180+2"]
[Date "2023.03.21"]
[WhiteClock "0:00:45"]
[BlackClock "0:00:01"]

1. Nf3 d5 2. e3 Nf6 3. b3 Bg4 4. Bb2 Nbd7 5. Be2 c6 6. O-O Qc7 7. d4 Bxf3 8. Bxf3 e5 9. c4 e4 10. Be2 Bd6 11. h3 g5 12. Nc3 g4 13. Bxg4 h5 14. Bf5 Rg8 15. cxd5 cxd5 16. Nb5 Bh2+ 17. Kh1 Qb8 18. f4 a6 19. Nc3 Bg3 20. Ne2 h4 21. Nxg3 Rxg3 22. Re1 Qd6 23. Qc1 b5 24. a4 b4 25. Qd1 Ke7 26. Rc1 Rag8 27. Re2 Nh5 28. Rec2 Nhf6 29. Rc6 Qb8 30. R1c2 Rxe3 31. Bc1 Rxb3 32. Bd2 Rbg3 33. Be1 Qxf4 34. Bxg3 Rxg3 35. Bxd7 Nxd7 36. Qe1 b3 37. Rf2 Qg5 38. Qb4+ Kd8 39. Rxf7 Qc1+ 40. Rxc1 1-0


[Site "https://www.chess.com"]

[Event "Titled Tuesday Blitz March 21 Early 2023"]
[White "Bodnaruk, Anastasia"]
[Black "Samunenkov, Ihor"]
[WhiteFideId "4181751"]
[BlackFideId "14187086"]
[WhiteElo "2310"]
[BlackElo "2457"]
[Result "0-1"]
[Round "10"]
[TimeControl "180+2"]
[Date "2023.03.21"]
[WhiteClock "0:00:01"]
[BlackClock "0:00:03"]

1. e4 c6 2. d4 d5 3. e5 Bf5 4. Nf3 e6 5. Be2 c5 6. O-O Nc6 7. c3 Bg6 8. Re1 Qb6 9. a3 cxd4 10. Nxd4 Nxe5 11. Bb5+ Nc6 12. Qa4 Ne7 13. Bg5 Rc8 14. Nd2 a6 15. Bxc6+ Nxc6 16. Nxe6 fxe6 17. Rxe6+ Kf7 18. Rae1 Kg8 19. b4 Bf7 20. R6e3 Bd6 21. Nf3 h6 22. Bh4 Kh7 23. Qd1 Rhe8 24. Rxe8 Rxe8 25. Rxe8 Bxe8 26. Qxd5 Qc7 27. c4 Ne5 28. c5 Nxf3+ 29. Qxf3 Bxh2+ 30. Kh1 Qf4 31. Qh3 Bc6 32. Qxh2 Qc1+ 33. Qg1 Qxa3 34. Qb1+ Kg8 35. Bg3 Qc3 36. Qf5 Qe1+ 37. Kh2 Qe8 38. Qe5 Qg6 39. Qd6 Qh5+ 40. Kg1 Qg4 41. Qd8+ Kh7 42. Qd3+ Be4 43. Qd4 Qg6 44. Qe5 Bc6 45. Qd4 Qb1+ 46. Kh2 Qc2 47. Qe5 Qd3 48. Qe3 Qf1 49. f3 Qc4 50. Qf4 Qe6 51. Qe5 Qg6 52. Qe3 Qh5+ 53. Kg1 Qf5 54. Kh2 Qg6 55. Qe5 Qc2 56. Kg1 Qb1+ 57. Kh2 Qc2 58. Qe3 Qg6 59. Qe5 Qf7 60. Qe3 Qf5 61. Qe5 Qg6 62. Kg1 Qb1+ 63. Kh2 Kg8 64. Qe6+ Kh8 65. Qe5 Kh7 66. Qf4 Qc2 67. Qe5 Bxf3 68. Kh3 Qxg2+ 69. Kh4 g5+ 0-1


[Site "https://www.chess.com"]

[Event "Titled Tuesday Blitz March 21 Early 2023"]
[White "Postny, Evgeny"]
[Black "Petukhov, Dmitry"]
[WhiteFideId "2804344"]
[BlackFideId "4142748"]
[WhiteElo "2509"]
[BlackElo "2311"]
[Result "1/2-1/2"]
[Round "10"]
[TimeControl "180+2"]
[Date "2023.03.21"]
[WhiteClock "0:00:13"]
[BlackClock "0:00:16"]

1. e4 c5 2. Nf3 d6 3. d4 cxd4 4. Nxd4 Nf6 5. Nc3 Nc6 6. Be2 e5 7. Nf3 Be7 8. O-O O-O 9. Re1 h6 10. Bf1 Be6 11. Nd5 Bg4 12. h3 Bh5 13. c3 Nxd5 14. exd5 Nb8 15. Be2 Nd7 16. c4 f5 17. Nd4 Bxe2 18. Qxe2 Rf7 19. Ne6 Qc8 20. b4 Nf8 21. Nxf8 Bxf8 22. Bb2 a5 23. a3 b6 24. Qd3 Rc7 25. Rac1 axb4 26. axb4 Ra2 27. Qb3 Qa6 28. c5 bxc5 29. Bxe5 dxe5 30. d6+ Rf7 31. bxc5 Re2 32. Rxe2 Qxe2 33. d7 Be7 34. c6 Qd2 35. Rd1 Qa5 36. Qc4 Bd8 37. c7 Qxc7 38. Qxc7 Bxc7 39. d8=Q+ Bxd8 40. Rxd8+ Kh7 41. Re8 e4 42. g3 Kg6 43. Kg2 Kf6 44. g4 fxg4 45. hxg4 Kg5 46. Rxe4 Rf4 47. Rxf4 Kxf4 48. f3 Ke3 49. Kg3 g5 50. Kg2 Ke2 51. Kg3 Ke3 52. Kg2 Ke2 53. Kg3 Ke3 1/2-1/2


[Site "https://www.chess.com"]

[Event "Titled Tuesday Blitz March 21 Early 2023"]
[White "Staudenhocker43"]
[Black "Costachi, Mihnea"]
[BlackFideId "1217518"]
[WhiteElo "2529"]
[BlackElo "2456"]
[Result "1-0"]
[Round "10"]
[TimeControl "180+2"]
[Date "2023.03.21"]
[WhiteClock "0:00:21"]
[BlackClock "0:01:20"]

1. c4 g6 2. d4 Bg7 3. e4 c5 4. d5 d6 5. Nc3 Nf6 6. Nge2 O-O 7. Ng3 a6 8. Be2 Nbd7 9. O-O Rb8 10. a4 b6 11. h3 Qc7 12. Bf4 Ne5 13. Qd2 Re8 14. Bh6 Bh8 15. f4 Ned7 16. Rae1 e6 17. dxe6 fxe6 18. f5 exf5 19. exf5 Ne5 20. fxg6 hxg6 21. Nge4 Nxe4 22. Nxe4 Bf5 23. Qxd6 Qh7 24. Qd5+ Be6 25. Qd2 Rbd8 26. Qc1 Nf7 27. Bd2 Bxh3 28. Bf3 Bf5 29. Bc3 Rd4 30. Ng5 Nxg5 31. Rxe8+ Kf7 32. Rxh8 Nxf3+ 33. Rxf3 Qxh8 34. Bxd4 Qxd4+ 35. Kh2 Qh4+ 36. Kg1 Qd4+ 37. Qe3 Qxc4 38. Qb3 Qe6 39. Qxe6+ Kxe6 40. Rb3 Kd5 41. Rxb6 Bd3 42. Kf2 a5 43. Ke3 Bc2 44. b3 g5 45. g3 Bd1 46. Rb5 Bc2 47. Kd2 Be4 48. Rxa5 Kd4 49. Rb5 Bc6 50. Rb6 Bd5 51. a5 Ke5 52. a6 Bf3 53. a7 c4 54. Rb8 Kd4 55. bxc4 Kxc4 56. a8=Q Bxa8 57. Rxa8 1-0


[Site "https://www.chess.com"]

[Event "Titled Tuesday Blitz March 21 Early 2023"]
[White "Budrewicz, Krzysztof"]
[Black "Ashraf, Artin"]
[WhiteFideId "1127950"]
[BlackFideId "22514805"]
[WhiteElo "2230"]
[BlackElo "2188"]
[Result "0-1"]
[Round "10"]
[TimeControl "180+2"]
[Date "2023.03.21"]
[WhiteClock "0:00:40"]
[BlackClock "0:00:06"]

1. d4 Nf6 2. c4 g6 3. Nc3 Bg7 4. e4 O-O 5. Nf3 d6 6. Be2 e5 7. Be3 Nc6 8. d5 Ne7 9. Nd2 Ne8 10. f3 f5 11. Qc2 c5 12. a3 f4 13. Bf2 g5 14. b4 b6 15. bxc5 bxc5 16. Rb1 h5 17. h3 Nf6 18. Qa4 a6 19. Qb3 g4 20. hxg4 hxg4 21. Kd1 Ra7 22. Kc2 g3 23. Be1 Rb7 24. Qa2 Qc7 25. Rxb7 Qxb7 26. Qb2 Qc7 27. Nb3 Bd7 28. Bd2 Rb8 29. Rb1 Ng6 30. Qc1 Bf8 31. Kd3 Be7 32. Na1 Rc8 33. Qb2 Nh4 34. Bf1 Qd8 35. Qb6 Ra8 36. Qxd8+ Bxd8 37. Nc2 Nh7 38. Ne1 Ng5 39. Be2 Kf8 40. Rb2 Ba5 41. Bd1 Ke8 42. Na4 Bxd2 43. Kxd2 Kd8 44. Ke2 Kc7 45. Kf1 Ng6 46. Nc3 Rh8 47. Ba4 Rh1+ 48. Ke2 Bxa4 49. Nxa4 Nh4 50. Nc3 Rg1 51. Kd1 Ngxf3 52. gxf3 Nxf3 53. Re2 Rf1 54. Nb1 Nxe1 55. Rxe1 g2 56. Nd2 Rxe1+ 57. Kxe1 g1=Q+ 0-1


[Site "https://www.chess.com"]

[Event "Titled Tuesday Blitz March 21 Early 2023"]
[White "Kim, Sergey"]
[Black "Sattarov, Bobir"]
[WhiteFideId "13700570"]
[BlackFideId "14203081"]
[WhiteElo "2605"]
[BlackElo "2351"]
[Result "1/2-1/2"]
[Round "10"]
[TimeControl "180+2"]
[Date "2023.03.21"]
[WhiteClock "0:02:37"]
[BlackClock "0:02:29"]

1. d4 Nf6 2. c4 e6 3. Nc3 Bb4 4. Qc2 O-O 5. a3 Bxc3+ 6. Qxc3 d5 7. Nf3 dxc4 8. Qxc4 b6 9. g3 Ba6 10. Qc2 c5 11. dxc5 bxc5 12. Bg2 Nbd7 13. O-O Qb6 14. Rd1 h6 15. Bf4 1/2-1/2


[Site "https://www.chess.com"]

[Event "Titled Tuesday Blitz March 21 Early 2023"]
[White "Nazari, Arad"]
[Black "Raahul V S"]
[WhiteFideId "12577324"]
[BlackFideId "25035525"]
[WhiteElo "2313"]
[BlackElo "2168"]
[Result "1-0"]
[Round "10"]
[TimeControl "180+2"]
[Date "2023.03.21"]
[WhiteClock "0:00:06"]
[BlackClock "0:00:01"]

1. e4 e5 2. f4 d5 3. exd5 exf4 4. Nf3 Nf6 5. Bb5+ Bd7 6. Bxd7+ Qxd7 7. O-O Be7 8. c4 c6 9. Ne5 Qd6 10. d4 cxd5 11. c5 Qa6 12. Bxf4 O-O 13. Nc3 Nc6 14. Nxc6 Qxc6 15. b4 a6 16. a4 Qd7 17. Re1 Rfd8 18. Qf3 Bf8 19. h3 Ne4 20. Nxe4 dxe4 21. Rxe4 f5 22. Re3 Qxd4 23. Be5 Qxb4 24. Kh1 Bxc5 25. Rb3 Qe4 26. Qxe4 fxe4 27. Rxb7 Ra7 28. Rb3 e3 29. Kh2 Re7 30. Bg3 e2 31. Re1 Rd1 32. Rb2 Rxe1 33. Bxe1 a5 34. Rb1 Bb4 35. Kg1 Bc5+ 36. Kh2 Bb4 37. Kg1 Re4 38. Kf2 Bxe1+ 39. Rxe1 Rxa4 40. Rxe2 Rc4 41. Re5 a4 42. Ra5 h6 43. Ra6 Kh7 44. Kf3 Rb4 45. Ra7 Rb3+ 46. Kf4 a3 47. h4 Rb4+ 48. Kg3 Rb3+ 49. Kg4 Rb4+ 50. Kh3 Rb3+ 51. g3 Kg6 52. Kg4 Kf6 53. Ra6+ Ke5 54. h5 Rb4+ 55. Kh3 Rb3 56. Kh4 Ke4 57. Ra7 Kf3 58. Rf7+ Kg2 59. Rc7 Rb4+ 60. g4 Rb2 61. Rxg7 1-0


[Site "https://www.chess.com"]

[Event "Titled Tuesday Blitz March 21 Early 2023"]
[White "Richter, Nils"]
[Black "Skvortsov, Andrei"]
[WhiteFideId "12990809"]
[BlackFideId "24108600"]
[WhiteElo "2381"]
[BlackElo "2259"]
[Result "1-0"]
[Round "10"]
[TimeControl "180+2"]
[Date "2023.03.21"]
[WhiteClock "0:00:47"]
[BlackClock "0:01:48"]

1. e4 c6 2. Nf3 d5 3. d3 dxe4 4. dxe4 Qxd1+ 5. Kxd1 Bg4 6. Be2 Nd7 7. Ne1 Bxe2+ 8. Kxe2 Nc5 9. f3 e5 10. Be3 Ne6 11. Nd3 f6 12. c3 Ne7 13. Nd2 Nc8 14. Nc4 Nd6 15. Nxd6+ Bxd6 16. a4 Ke7 17. a5 Rhd8 18. b4 a6 19. Rhd1 Bc7 20. g3 Rd7 21. Nb2 Rad8 22. Rxd7+ Rxd7 23. Nc4 h5 24. h4 g6 25. Rg1 f5 26. g4 hxg4 27. fxg4 fxe4 28. h5 Kf6 29. g5+ Kf5 30. h6 Nf4+ 31. Ke1 Bd8 32. Nd6+ Rxd6 33. h7 Bf6 34. gxf6 Rd8 35. Rh1 Rh8 36. f7 Ne6 37. Bc5 g5 38. f8=Q+ Nxf8 39. Bxf8 Kg6 40. Ke2 Rxh7 41. Rxh7 Kxh7 42. Ke3 Kg6 43. Kxe4 Kf6 44. Bd6 Ke6 45. Bxe5 g4 46. c4 Kd7 47. Kf5 c5 48. b5 axb5 49. cxb5 c4 50. Kxg4 Ke6 51. a6 1-0


[Site "https://www.chess.com"]

[Event "Titled Tuesday Blitz March 21 Early 2023"]
[White "Dehtiarov, Roman"]
[Black "Berezin, Viktor"]
[WhiteFideId "14186640"]
[BlackFideId "14107872"]
[WhiteElo "2162"]
[BlackElo "2310"]
[Result "1-0"]
[Round "10"]
[TimeControl "180+2"]
[Date "2023.03.21"]
[WhiteClock "0:01:25"]
[BlackClock "0:00:40"]

1. e4 g6 2. d4 Bg7 3. c3 d6 4. Be3 Nf6 5. Nd2 e5 6. dxe5 dxe5 7. f3 O-O 8. Bc4 c6 9. Ne2 b5 10. Bb3 Be6 11. O-O Qe7 12. a4 Nbd7 13. Qc2 Nc5 14. Kh1 Nxb3 15. Nxb3 Nd7 16. axb5 cxb5 17. Rxa7 Rxa7 18. Bxa7 Ra8 19. Be3 Ra2 20. Nec1 Ra4 21. Nd3 Bc4 22. Rd1 h6 23. Nbc5 Nxc5 24. Nxc5 Ra8 25. b3 Be6 26. Qd3 Kh7 27. h3 Ra3 28. Qxb5 Bxh3 29. gxh3 Qh4 30. Qf1 f5 31. exf5 gxf5 32. Qg2 Ra7 33. Ne6 Rf7 34. Rg1 f4 35. Nxg7 fxe3 36. Nf5 Qd8 37. Qg6+ Kh8 38. Qxf7 1-0


[Site "https://www.chess.com"]

[Event "Titled Tuesday Blitz March 21 Early 2023"]
[White "The_Sherman_Variation"]
[Black "Liyanage, Ranindu Dilshan"]
[BlackFideId "9915834"]
[WhiteElo "2561"]
[BlackElo "2199"]
[Result "0-1"]
[Round "10"]
[TimeControl "180+2"]
[Date "2023.03.21"]
[WhiteClock "0:00:16"]
[BlackClock "0:01:09"]

1. g3 g6 2. Bg2 Bg7 3. Nf3 d5 4. O-O e5 5. d4 e4 6. Ne1 Ne7 7. c4 c6 8. Nc3 O-O 9. Nc2 f5 10. c5 Nd7 11. b4 Nf6 12. a4 h6 13. b5 g5 14. f4 exf3 15. exf3 Qc7 16. f4 Ne4 17. Nxe4 fxe4 18. fxg5 Rxf1+ 19. Qxf1 hxg5 20. Bxg5 Nf5 21. Rd1 Be6 22. g4 Ne7 23. Bf4 Qd7 24. Qe2 Bxg4 25. Qd2 Bxd1 26. Qxd1 Rf8 27. Bg3 Nf5 28. Bf2 Qe7 29. bxc6 bxc6 30. Qe2 e3 31. Bg3 Nxd4 32. Nxd4 Bxd4 33. Bd6 Rf2 34. Qg4+ Qg7 35. Qc8+ Kh7 36. Qh3+ Qh6 37. Qd7+ Bg7 38. Bg3 Rf8 39. Bf1 e2 40. Bh3 Qe3+ 41. Kg2 Qe4+ 42. Kg1 e1=Q+ 0-1


[Site "https://www.chess.com"]

[Event "Titled Tuesday Blitz March 21 Early 2023"]
[White "Garv Gaur"]
[Black "Hambleton, Aman"]
[WhiteFideId "45030839"]
[BlackFideId "2606577"]
[WhiteElo "2068"]
[BlackElo "2511"]
[Result "0-1"]
[Round "10"]
[TimeControl "180+2"]
[Date "2023.03.21"]
[WhiteClock "0:00:08"]
[BlackClock "0:00:04"]

1. Nf3 d5 2. g3 c6 3. Bg2 Bf5 4. O-O Nf6 5. d4 e6 6. c4 Be7 7. Nc3 O-O 8. Nd2 Nbd7 9. e4 dxe4 10. Ndxe4 Nxe4 11. Nxe4 Nf6 12. Nc3 h6 13. Be3 Re8 14. Qe2 Ng4 15. Rad1 Nxe3 16. fxe3 Qc7 17. Kh1 Rad8 18. Qf2 Rf8 19. e4 Bg6 20. d5 b6 21. Rd2 Bg5 22. Rd3 Bf6 23. Qe2 Rfe8 24. dxc6 Be5 25. Rfd1 Rxd3 26. Qxd3 Qxc6 27. Re1 Rc8 28. b3 a6 29. Ne2 Qc5 30. Nf4 Bh7 31. Rd1 g5 32. Ne2 Kg7 33. Ng1 g4 34. Ne2 b5 35. cxb5 axb5 36. Nf4 Qc2 37. Qf1 Bg6 38. Nxg6 Kxg6 39. Rd7 f6 40. h4 gxh3 41. Bxh3 Qc1 42. Bg2 Qxf1+ 43. Bxf1 Rc1 44. Kg2 Rc2+ 45. Kf3 b4 46. Bc4 Rc3+ 47. Rd3 Rc1 48. Bxe6 h5 49. Bf5+ Kg5 50. Rd7 Rc3+ 51. Kf2 Bxg3+ 52. Kg2 h4 53. Rb7 Bd6 54. Rd7 Rc2+ 55. Kf3 Rc3+ 56. Kg2 Be5 57. Rg7+ Kf4 58. Rg4+ Ke3 59. Rxh4 Rc2+ 60. Kf1 Rf2+ 61. Kg1 Rxa2 62. Rh3+ Kd4 63. Be6 Kxe4 64. Bc4 Bd4+ 65. Kf1 f5 66. Bd3+ Ke5 67. Rh5 Rf2+ 68. Ke1 Rf3 69. Ke2 Re3+ 70. Kd2 Rf3 71. Ke2 Rf4 72. Rg5 Kf6 73. Rg8 Rf2+ 74. Ke1 f4 75. Rf8+ Ke7 76. Rf5 Rb2 77. Bc4 Be3 78. Re5+ Kd6 79. Rd5+ Kc6 80. Rf5 Kc7 81. Kf1 Kd6 82. Ke1 Ke7 83. Kf1 Kd8 84. Ke1 Kd7 85. Kf1 Kc7 86. Ke1 Ra2 87. Kf1 Rf2+ 88. Ke1 Rh2 89. Kf1 Kd6 90. Ke1 Rh4 91. Ke2 Bd4 92. Kd3 Be5 93. Ke4 f3+ 94. Kxf3 Rh3+ 95. Ke4 Rh4+ 96. Kd3 Rh3+ 97. Ke2 Bc3 98. Rf3 Rh2+ 99. Kd3 Ke5 100. Re3+ Kf5 101. Re2 Rh3+ 102. Re3 Rh2 103. Re2 Rh4 104. Rf2+ Ke5 105. Re2+ Kd6 106. Re6+ Kc5 107. Re4 Rh3+ 108. Re3 Rh4 109. Re4 Rh2 110. Re2 Rh1 111. Re8 Rd1+ 112. Kc2 Rd2+ 113. Kc1 Rh2 114. Rc8+ Kd4 115. Rd8+ Ke4 116. Re8+ Be5 117. Rd8 Ke3 118. Rd3+ Ke4 119. Rd2 Bf4 120. Kb1 Rxd2 0-1


[Site "https://www.chess.com"]

[Event "Titled Tuesday Blitz March 21 Early 2023"]
[White "Perez Gormaz, Matias"]
[Black "TimGrutter03"]
[WhiteFideId "3406342"]
[WhiteElo "2362"]
[BlackElo "2546"]
[Result "0-1"]
[Round "10"]
[TimeControl "180+2"]
[Date "2023.03.21"]
[WhiteClock "0:00:07"]
[BlackClock "0:00:07"]

1. Nf3 Nf6 2. b3 g6 3. Bb2 Bg7 4. g3 O-O 5. Bg2 d6 6. d4 b5 7. O-O Bb7 8. c4 bxc4 9. bxc4 Nbd7 10. Nbd2 Rb8 11. Rb1 Ne4 12. Ba1 Nxd2 13. Qxd2 Be4 14. Rb3 c5 15. e3 Qc7 16. Re1 Rxb3 17. axb3 Qb7 18. Qe2 Bxf3 19. Bxf3 Qxb3 20. Kg2 Nb6 21. dxc5 dxc5 22. Bxg7 Kxg7 23. Rc1 a5 24. Qe1 Qb4 25. Qd1 Nxc4 26. Qd5 Nxe3+ 27. fxe3 Qb2+ 28. Kh3 Qxc1 29. Qe5+ Kg8 30. Qxe7 a4 31. Bd5 a3 32. e4 Qf1+ 33. Kh4 Qf2 34. Kh3 Rb8 35. Kg4 h5+ 36. Kg5 Qd2+ 37. Kf6 Rb6+ 38. Ke5 Qd4+ 39. Kf4 Qf6+ 40. Qxf6 Rxf6+ 41. Ke5 Ra6 42. Bc4 a2 43. Bxa6 a1=Q+ 44. Kd5 Qxa6 45. e5 Qe6+ 46. Ke4 c4 47. Kf4 c3 48. Kg5 c2 49. Kh6 c1=Q# 0-1


[Site "https://www.chess.com"]

[Event "Titled Tuesday Blitz March 21 Early 2023"]
[White "Karthik Rajaa"]
[Black "Villalba, Marcelo"]
[WhiteFideId "25035215"]
[BlackFideId "3701859"]
[WhiteElo "2215"]
[BlackElo "2191"]
[Result "1-0"]
[Round "10"]
[TimeControl "180+2"]
[Date "2023.03.21"]
[WhiteClock "0:00:08"]
[BlackClock "0:00:08"]

1. Nf3 d6 2. d4 Nf6 3. Nc3 Bf5 4. g4 Bxg4 5. Bg2 c6 6. e4 Nbd7 7. Be3 e5 8. Qd2 Be7 9. Rg1 Bh5 10. Ng5 h6 11. Nh3 Ng4 12. Bf3 Ndf6 13. O-O-O Nxe3 14. Qxe3 Bxf3 15. Qxf3 exd4 16. Rxd4 Qb6 17. Rdd1 Rg8 18. e5 dxe5 19. Qf5 Qc5 20. Rge1 g6 21. Qf3 Kf8 22. Kb1 Kg7 23. Qg3 Nh5 24. Qg4 Bf6 25. Ne4 Qe7 26. Rd7 Qb4 27. Rg1 Rad8 28. Qxg6+ Kh8 29. Qxh6# 1-0


[Site "https://www.chess.com"]

[Event "Titled Tuesday Blitz March 21 Early 2023"]
[White "Matinian, Nikita"]
[Black "Omelja, Artem"]
[WhiteFideId "24129100"]
[BlackFideId "14119846"]
[WhiteElo "2422"]
[BlackElo "2404"]
[Result "1-0"]
[Round "10"]
[TimeControl "180+2"]
[Date "2023.03.21"]
[WhiteClock "0:01:00"]
[BlackClock "0:00:02"]

1. e4 c5 2. Nf3 Nc6 3. Bb5 g6 4. Bxc6 bxc6 5. O-O Bg7 6. Re1 e5 7. b4 cxb4 8. a3 Ne7 9. axb4 O-O 10. d3 Qc7 11. Nbd2 d5 12. Bb2 f6 13. h3 Bb7 14. Ra5 Rfd8 15. Qa1 Qb6 16. Nb3 Nc8 17. Nc5 Nd6 18. Ne6 Re8 19. Nxg7 Kxg7 20. Nxe5 Qd8 21. Ng4 Re6 22. Nxf6 Rxf6 23. Bxf6+ Qxf6 24. Qxf6+ Kxf6 25. e5+ Ke6 26. exd6+ Kxd6 27. c4 a6 28. g3 Rf8 29. f4 h5 30. h4 Rf7 31. Re5 Rf8 32. Ra1 Bc8 33. c5+ Kc7 34. Re7+ Kb8 35. Rae1 Rf6 36. Re8 Kc7 37. R1e7+ Bd7 38. Rg8 Re6 39. Rxe6 Bxe6 40. Rxg6 Bf5 41. Rg7+ Kd8 42. d4 Be4 43. Rg5 Bf3 44. Kf2 Bd1 45. Rg7 Bc2 46. Ra7 Bd3 47. Ke3 Bf1 48. Rh7 a5 49. bxa5 1-0


[Site "https://www.chess.com"]

[Event "Titled Tuesday Blitz March 21 Early 2023"]
[White "Degenbaev, Aziz"]
[Black "Lewtak, Damian"]
[WhiteFideId "13802640"]
[BlackFideId "1141724"]
[WhiteElo "2152"]
[BlackElo "2302"]
[Result "1-0"]
[Round "10"]
[TimeControl "180+2"]
[Date "2023.03.21"]
[WhiteClock "0:00:17"]
[BlackClock "0:00:01"]

1. e4 c6 2. d4 d5 3. e5 Bf5 4. Nd2 h5 5. Nb3 e6 6. Nf3 Nd7 7. Be2 a6 8. O-O Be7 9. Bd2 g5 10. Ne1 Rc8 11. Rc1 h4 12. h3 f6 13. Bh5+ Kf8 14. f4 fxe5 15. fxe5 Kg7 16. Bg4 Nh6 17. Bxf5 Nxf5 18. Qg4 Rf8 19. Nf3 Kg6 20. Na5 Rb8 21. c4 Nb6 22. c5 Nc4 23. Nxc4 dxc4 24. Rxc4 b6 25. d5 cxd5 26. Nxh4+ Nxh4 27. Qxe6+ Kg7 28. Rxf8 Qxf8 29. Rxh4 Bxc5+ 30. Kh2 gxh4 31. Bh6+ Kh7 32. Bxf8 Rxf8 33. Qxd5 Bf2 34. Qd7+ Kg8 35. Qg4+ Kh8 36. Qh5+ Kg8 37. Qg6+ Kh8 38. e6 Bg3+ 39. Kg1 Rf7 40. exf7 1-0


[Site "https://www.chess.com"]

[Event "Titled Tuesday Blitz March 21 Early 2023"]
[White "Itgelt, Khuyagtsogt"]
[Black "Hirneise, Jens"]
[WhiteFideId "4902912"]
[BlackFideId "24614734"]
[WhiteElo "2227"]
[BlackElo "2345"]
[Result "1/2-1/2"]
[Round "10"]
[TimeControl "180+2"]
[Date "2023.03.21"]
[WhiteClock "0:00:20"]
[BlackClock "0:01:17"]

1. d4 d5 2. c4 dxc4 3. Nf3 Nf6 4. g3 b5 5. Bg2 Bb7 6. O-O e6 7. a4 a6 8. Bg5 Be7 9. Nbd2 O-O 10. Qc2 h6 11. Bxf6 Bxf6 12. Ng5 hxg5 13. Bxb7 Ra7 14. Bg2 Qxd4 15. axb5 Qxb2 16. Qxb2 Bxb2 17. Ra2 c3 18. Nc4 axb5 19. Rxa7 bxc4 20. Rxc7 c2 21. Rxc4 c1=Q 22. Rcxc1 Bxc1 23. Rxc1 Nd7 24. Rc7 Nf6 25. Ra7 Rd8 26. Ra8 Rxa8 27. Bxa8 g4 28. Kg2 g5 29. Bc6 Kg7 30. e3 Kg6 31. e4 Nh5 32. e5 Kf5 33. Be8 Kg6 34. Ba4 Kf5 35. Be8 Kg6 36. Bb5 Kf5 37. Be8 1/2-1/2


[Site "https://www.chess.com"]

[Event "Titled Tuesday Blitz March 21 Early 2023"]
[White "Reprintsev, Alexander"]
[Black "Chernobay, Artem"]
[WhiteFideId "14100541"]
[BlackFideId "4167406"]
[WhiteElo "2229"]
[BlackElo "2474"]
[Result "1-0"]
[Round "10"]
[TimeControl "180+2"]
[Date "2023.03.21"]
[WhiteClock "0:01:11"]
[BlackClock "0:00:02"]

1. e4 c5 2. b3 Nf6 3. e5 Nd5 4. Nc3 e6 5. Ne4 Nc6 6. Bb2 Be7 7. Nf3 f5 8. Nc3 Nf4 9. g3 Ng6 10. Qe2 a6 11. O-O-O Nd4 12. Nxd4 cxd4 13. Nb1 Qa5 14. a4 b5 15. Bg2 Rb8 16. axb5 Rxb5 17. Bxd4 Qa2 18. Bb2 Qa5 19. f4 O-O 20. h4 Bb7 21. h5 Nh8 22. Bxb7 Rxb7 23. g4 Rc8 24. Rh3 Nf7 25. gxf5 exf5 26. Rg1 Bf8 27. Rhg3 Rbc7 28. c4 Nh6 29. Qg2 Ng4 30. Rxg4 fxg4 31. Qxg4 Qb6 32. Rg3 a5 33. f5 Qf2 34. e6 dxe6 35. f6 Re8 36. fxg7 Bb4 37. h6 a4 38. bxa4 Ba5 39. Nc3 Qf1+ 40. Kc2 Rxc4 41. Qh5 1-0


[Site "https://www.chess.com"]

[Event "Titled Tuesday Blitz March 21 Early 2023"]
[White "Lehtosaari, Mauri"]
[Black "Starozhilov, Leonid"]
[WhiteFideId "501999"]
[BlackFideId "14106752"]
[WhiteElo "2530"]
[BlackElo "2402"]
[Result "0-1"]
[Round "10"]
[TimeControl "180+2"]
[Date "2023.03.21"]
[WhiteClock "0:00:02"]
[BlackClock "0:00:13"]

1. d4 Nf6 2. Nf3 g6 3. Bg5 Bg7 4. Nbd2 d6 5. c3 c5 6. dxc5 dxc5 7. e4 Nc6 8. Bc4 O-O 9. O-O Qc7 10. Qe2 Nh5 11. Qe3 b6 12. Rfe1 Ne5 13. Nxe5 Bxe5 14. g3 Rd8 15. Rad1 Bb7 16. Bh6 Bg7 17. Bxg7 Kxg7 18. Nf3 Nf6 19. h3 Rxd1 20. Rxd1 Nxe4 21. Bd5 Bxd5 22. Rxd5 Nf6 23. Rd1 Rd8 24. Re1 e6 25. g4 h6 26. g5 hxg5 27. Nxg5 Rd5 28. h4 Qd7 29. Qf3 Rf5 30. Qe3 Qd5 31. a3 Nh7 32. Nxh7 Kxh7 33. Qg3 Kg7 34. Re3 Qd1+ 35. Kg2 Qd5+ 36. Kh2 Rh5 37. Kg1 Qd1+ 38. Kg2 Qd5+ 39. Kg1 a5 40. b4 axb4 41. axb4 cxb4 42. cxb4 Qc4 43. Rf3 Qxh4 44. Qxh4 Rxh4 45. Rb3 Rc4 46. Kg2 b5 47. Kf3 g5 48. Ke3 f5 49. f3 Kf6 50. Kd3 g4 51. fxg4 Rxg4 52. Rb1 Rc4 53. Ke3 f4+ 54. Kd3 Kf5 55. Kd2 e5 56. Kd3 e4+ 57. Ke2 Rc2+ 58. Kd1 Ra2 59. Rc1 f3 60. Rc5+ Kf4 61. Rxb5 e3 62. Rb8 Ra1+ 63. Kc2 e2 64. Rf8+ Kg3 65. Rg8+ Kf2 0-1


[Site "https://www.chess.com"]

[Event "Titled Tuesday Blitz March 21 Early 2023"]
[White "Tregubov, Pavel V."]
[Black "Pham, Le Thao Nguyen"]
[WhiteFideId "4115341"]
[BlackFideId "12401226"]
[WhiteElo "2425"]
[BlackElo "2282"]
[Result "0-1"]
[Round "10"]
[TimeControl "180+2"]
[Date "2023.03.21"]
[WhiteClock "0:00:07"]
[BlackClock "0:00:08"]

1. e4 c6 2. Nf3 d5 3. Nc3 dxe4 4. Nxe4 Nf6 5. Qe2 Nxe4 6. Qxe4 Qa5 7. b4 Qf5 8. Qe3 Qe6 9. Bb2 Qxe3+ 10. fxe3 f6 11. d4 e5 12. b5 exd4 13. exd4 Bb4+ 14. Kf2 Kf7 15. a3 Bd6 16. Bc4+ Be6 17. Bxe6+ Kxe6 18. c4 cxb5 19. d5+ Kf7 20. cxb5 Nd7 21. Rac1 Rhe8 22. Bd4 Bxa3 23. Rc7 Red8 24. Rxb7 Kg6 25. Rxa7 Rxa7 26. Bxa7 Bc5+ 27. Bxc5 Nxc5 28. Rd1 Ne4+ 29. Ke3 Nc3 30. Rd3 Nxb5 31. Nd2 Nd6 32. Kd4 Rc8 33. Rb3 Nf5+ 34. Ke4 Nd6+ 35. Kf4 Rc5 36. Rd3 h5 37. Ne4 Rc4 38. Re3 f5 39. Ke5 Nxe4 40. d6 Rc5+ 41. Ke6 Rc6 42. Rd3 Rxd6+ 43. Rxd6 Nxd6 44. Kxd6 Kg5 45. Ke5 Kg4 46. g3 g5 47. Kf6 f4 0-1


[Site "https://www.chess.com"]

[Event "Titled Tuesday Blitz March 21 Early 2023"]
[White "Tillyaev, Ulugbek"]
[Black "koncheto"]
[WhiteFideId "14202441"]
[WhiteElo "2377"]
[BlackElo "2521"]
[Result "0-1"]
[Round "10"]
[TimeControl "180+2"]
[Date "2023.03.21"]
[WhiteClock "0:00:12"]
[BlackClock "0:00:11"]

1. e4 c5 2. d4 cxd4 3. c3 d3 4. c4 g6 5. Nc3 Bg7 6. Bxd3 Nc6 7. Nf3 d6 8. h3 Nf6 9. O-O O-O 10. Be3 Be6 11. Qd2 Nd7 12. Rac1 Nde5 13. Nxe5 Nxe5 14. Nd5 Bxh3 15. Bg5 Re8 16. f4 Nxd3 17. Qxd3 Be6 18. b3 Bxd5 19. cxd5 Qd7 20. f5 Be5 21. Rc4 Rac8 22. Qh3 Rxc4 23. bxc4 Qc7 24. fxg6 hxg6 25. Rxf7 Kxf7 26. Qe6+ Kg7 27. Qh3 Qc5+ 28. Kh1 Rh8 29. Bh4 Bf6 30. g3 Qxc4 31. Qg4 Qf1+ 32. Kh2 Rxh4+ 33. gxh4 Be5+ 0-1


[Site "https://www.chess.com"]